 Dungeon Crawl Stone Soup version 0.29-a0-453-gf113fcf677 (webtiles) character file.

Game seed: 9082112002092985998

2658 Majang the Magician (level 9, -4/63 HPs)
             Began as a Djinni Fire Elementalist on May 20, 2022.
             Slain by an unseen horror (7 damage)
             ... on level 7 of the Dungeon.
             The game lasted 00:26:32 (6426 turns).

Majang the Magician (Djinni Fire Elementalist)      Turns: 6426, Time: 00:26:34

Health: -4/63      AC:  4    Str: 13    XL:     9   Next: 94%
Gold:   251        EV: 14    Int: 21    God:
                   SH:  0    Dex: 14

rFire   + + .      SeeInvis .   w - +10 mace of Cobwebs {vamp, rElec MP+9}
rCold   x . .      Faith    .   (no shield)
rNeg    . . .      Spirit   .   a - +0 robe
rPois   ∞          Reflect  .   (no helmet)
rElec   +          Harm     .   B - +0 cloak
rCorr   .          Rampage  .   s - +0 pair of gloves
Will    +....                   (boots unavailable)
Stlth   ++........              (no amulet)
HPRegen 0.20/turn               j - +6 ring of strength
MPRegen 0.00/turn               l - ring of willpower

@: flying
A: sickness immunity, fire resistance 2, cold vulnerability 1, float, innate
caster, HP casting, extra vitality 1
a: no special abilities


You were on level 7 of the Dungeon.
You visited 2 branches of the dungeon, and saw 7 of its levels.

You collected 251 gold pieces.

Inventory:

Hand Weapons
 c - a +0 club
 i - a +0 trident
 w - the +10 mace of Cobwebs (weapon) {vamp, rElec MP+9}
   (You found it on level 4 of the Dungeon)

   It occasionally heals its wielder for a portion of the damage dealt when it
   wounds a living foe.
   rElec:     It insulates you from electricity.
   MP:        It affects your magic capacity (+9).
Armour
 a - a +0 robe (worn)
 s - a +0 pair of gloves (worn)
 B - a +0 cloak (worn)
 F - a +2 helmet
Magical Staves
 y - a staff of earth
Jewellery
 d - a ring of positive energy
 j - a +6 ring of strength (left hand)
 l - a ring of willpower (right hand)
Wands
 h - a wand of flame (3)
 u - a wand of acid (5)
 A - a wand of iceblast (13)
Scrolls
 b - 5 scrolls of identify {unknown}
 e - a scroll of amnesia {unknown}
 f - a scroll of teleportation {unknown}
 g - 2 scrolls of blinking
 k - a scroll of torment {unknown}
 o - 4 scrolls of immolation
 q - a scroll of poison {unknown}
 t - 2 scrolls of noise {unknown}
Potions
 m - 2 potions of mutation {unknown}
 n - a potion of cancellation {unknown}
 p - a potion of brilliance {unknown}
 r - a potion of ambrosia {unknown}
 v - a potion of heal wounds {unknown}
 x - 2 potions of curing
 z - a potion of lignification {unknown}
 C - a potion of berserk rage {unknown}
 D - a potion of haste {unknown}
 E - a potion of magic {unknown}


   Skills:
 + Level 4.4 Fighting
 + Level 2.3 Maces & Flails
 + Level 5.5 Dodging
 - Level 1.5 Stealth
 * Level 7.6 Spellcasting
 + Level 4.5 Evocations


You couldn't memorise any spells.
You knew the following spells:

 Your Spells              Type           Power      Damage    Failure   Level
a - Foxfire               Conj/Fire      100%       2x1d9     1%          1
b - Scorch                Fire           80%        2d9       1%          2
c - Conjure Flame         Conj/Fire      40%        6-21      1%          3
d - Static Discharge      Conj/Air       40%        N/A       1%          2
e - Inner Flame           Hex/Fire       40%        N/A       1%          3
i - Ice Form              Ice/Tmut       40%        N/A       3%          4
s - Spider Form           Tmut/Pois      40%        N/A       1%          3
w - Flame Wave            Conj/Fire      40%        2d9       3%          4
y - Apportation           Tloc           80%        N/A       1%          1
Your spell library was empty.

Dungeon Overview and Level Annotations

Branches:
Dungeon (5/15)             Temple (1/1) D:4

Altars:
Ashenzari
Cheibriados
Dithmenos
Gozag
Hepliaklqana
Kikubaaqudgha
Nemelex Xobeh
Okawaru
Qazlal
Ru
Sif Muna
Trog
Uskayaw
Vehumet
Xom
Yredelemnul

Shops:
D:2 *


Innate Abilities, Weirdness & Mutations

You are immune to sickness and miasma.
You are immune to poison.
Your flesh is very heat resistant. (rF++)
You are vulnerable to cold. (rC-)
You float through the air rather than walking.
You learn spells naturally, not from books.
Your magical power is your life essence.
You have superior vitality. (+4 MHP)


Message History

Press: ? - help, Dir - move target, f - two-headed ogre
Aim: a two-headed ogre, wielding a +0 giant club and a +0 dire flail (chance to affect: 78%)
The two-headed ogre is filled with an inner flame.
Something hits you but does no damage.
Deactivating autopickup; reactivate with Ctrl-A.
Something hits you. Something hits you!
A howler monkey comes into view.
The howler monkey howls!
Something hits you but does no damage.
Casting: Inner Flame (safe; 1% risk of failure)
Confirm with . or Enter, or press ? or * to list all spells.
Flames lash something.
Something hits you but does no damage. x2
Unknown command.
Casting: Scorch (safe; 1% risk of failure)
Confirm with . or Enter, or press ? or * to list all spells.
Flames lash something.
Something hits you but does no damage.
Unknown command.
Something barely misses you. Something hits you. x2
Casting: Scorch (safe; 1% risk of failure)
Confirm with . or Enter, or press ? or * to list all spells.
Flames lash the two-headed ogre.
Flame seeps out of the two-headed ogre.
The two-headed ogre is moderately wounded.
The two-headed ogre's fire resistance burns away.
Something hits you.
The two-headed ogre is engulfed in blazing flames.
Flame seeps out of the two-headed ogre.
The two-headed ogre closely misses you.
The two-headed ogre hits you with a +0 dire flail!!
* * * LOW HITPOINT WARNING * * *
Okay, then.
Blink to where?
Press: ? - help, Dir - move target, p - two-headed ogre
As you read the scroll of blinking, it crumbles to dust.
It was a potion of curing.
You feel better.
Aiming: Iceblast
Press: ? - help, Shift-Dir - straight line The mass of ice explodes!
The iceblast engulfs something!
The iceblast engulfs you!
You feel a painful chill!
* * * LOW HITPOINT WARNING * * *
Something hits you!
You die...

#.#.# #...####§....>......
##.#.#####......O...........
#.#.#...#.#.#.##............
#..#.#..####.#.#............
#...#e#....(................
.....#.#.#######............
#..#.#.#.#P...P#....########
#.##...#.#)###.#....## ..
#.#...'.#[+.#@....#
..##.#.#.#.###.#.....# #
#..#.#.#P...P#.....#
.#.....#######.....#
....................#########
...+..#.####.##......).......#
.. ####.# ....#.#...)........#
#.#.##..#.#............#
#.#.###.#.#............#


You could see a two-headed ogre (inner flame, combustible).

Vanquished Creatures
  Pikel (D:4)
  Grinder (D:3)
  Eustachio (D:4)
  A wyvern (D:7)
  A water moccasin (D:7)
  Duvessa (D:7)
  An orc warrior (D:7)
  3 ogres
  A black bear (D:4)
  A lemure (D:4)
  3 bullfrogs (D:7)
  A necrophage (D:2)
  2 scorpions
  3 wights (D:7)
  Dowan (D:7)
  8 hounds
  Crazy Yiuf (D:4)
  Ijyb (D:3)
  3 orc wizards (D:5)
  9 adders
  An ufetubus (D:5)
  2 dart slugs
  2 orcs
  3 endoplasms
  2 giant cockroaches
  20 goblins
  6 hobgoblins
  8 jackals (D:4)
  4 kobolds
  5 quokkas
  12 ball pythons
  7 bats
  2 frilled lizards (D:2)
  5 rats
123 creatures vanquished.

Vanquished Creatures (others)
  209 foxfires
  4 plants (D:7)
213 creatures vanquished.

Grand Total: 336 creatures vanquished

Notes
Turn   | Place    | Note
-------+----------+-------------------------------------------
     0 | D:1      | Majang the Djinni Fire Elementalist began the quest for the
                  | Orb.
     0 | D:1      | Reached XP level 1. HP: 15/15 MP: 0/0
   184 | D:1      | Reached XP level 2. HP: 19/21 MP: 0/0
   300 | D:1      | Reached skill level 3 in Spellcasting
   467 | D:1      | Reached XP level 3. HP: 16/25 MP: 0/0
   467 | D:1      | Learned a level 1 spell: Apportation
  1294 | D:2      | Found a faded altar of an unknown god.
  1294 | D:2      | Noticed a neqoxec
  1338 | D:2      | Reached XP level 4. HP: 29/31 MP: 0/0
  1727 | D:2      | Found Foyph's Assorted Antiques.
  1738 | D:2      | Reached skill level 4 in Spellcasting
  2021 | D:2      | Noticed a necrophage
  2024 | D:2      | Killed a necrophage
  2025 | D:2      | Reached XP level 5. HP: 29/35 MP: 0/0
  2025 | D:2      | Learned a level 2 spell: Static Discharge
  2214 | D:3      | Noticed Grinder
  2308 | D:3      | Killed Grinder
  2309 | D:3      | Reached skill level 5 in Spellcasting
  2309 | D:3      | Reached XP level 6. HP: 9/40 MP: 0/0
  2586 | D:3      | Reached XP level 7. HP: 38/45 MP: 0/0
  2586 | D:3      | Learned a level 3 spell: Spider Form
  2776 | D:3      | Noticed Ijyb
  2783 | D:3      | Killed Ijyb
  3271 | D:4      | Noticed Pikel
  3373 | D:4      | Found a staircase to the Ecumenical Temple.
  3382 | Temple   | Entered the Ecumenical Temple
  3622 | D:4      | Noticed Eustachio
  3627 | D:4      | Reached skill level 1 in Fighting
  3627 | D:4      | Reached skill level 1 in Evocations
  3779 | D:4      | Killed Eustachio
  3780 | D:4      | Reached skill level 6 in Spellcasting
  3865 | D:4      | Identified the +5 dagger of Keuczi Ebre {antimagic, rF++
                  | Str+6 Int-3}
  3901 | D:4      | Identified the +10 mace of Cobwebs {vamp, rElec MP+9}
  3915 | D:4      | Found a runed translucent door.
  3916 | D:4      | Noticed Crazy Yiuf
  3940 | D:4      | Reached XP level 8. HP: 50/54 MP: 0/0
  4042 | D:4      | Killed Pikel
  4470 | D:4      | Reached XP level 9. HP: 34/61 MP: 0/0
  4470 | D:4      | Learned a level 4 spell: Ice Form
  4782 | D:4      | Found an iron altar of Okawaru.
  4992 | D:4      | Killed Crazy Yiuf
  5113 | D:5      | Entered Level 5 of the Dungeon
  5170 | D:5      | Reached skill level 1 in Maces & Flails
  5170 | D:5      | Reached skill level 7 in Spellcasting
  5520 | D:5      | You are sucked into a shaft and drop 2 floors!
  5592 | D:7      | Reached skill level 5 in Dodging
  6205 | D:7      | Noticed Duvessa
  6253 | D:7      | Noticed Dowan
  6258 | D:7      | Killed Duvessa
  6262 | D:7      | Killed Dowan
  6414 | D:7      | Noticed a two-headed ogre
  6422 | D:7      | HP: 2/63 [two-headed ogre/+0 giant club (28)]
  6426 | D:7      | Slain by an unseen horror

Illustrated notes

Levels and vault maps discovered:
D:1:      dpeg_arrival_tiny_c, layout_basic,
          hangedman_abyss_or_decor_lesser_grid
D:2:      layout_basic, serial_shops, nicolae_square_shop,
          dreamdust_ecumenical_altar_sealed_demon, minmay_pentomino_pile
D:3:      kennysheep_the_goblin_king, layout_loops_ring, uniq_grinder
D:4:      minmay_evil_eye, layout_loops_ring, overflow_temple_1_default,
          okawaru_metal_pillars_3, minmay_temple_entry_mist, uniq_eustachio,
          uniq_pikel, uniq_crazy_yiuf_cottage
D:5:      minmay_general_purpose_star, layout_basic,
          lemuel_coloured_pillars_altar, uniq_blork_the_orc
D:7:      layout_basic, minmay_shattered_shrine, uniq_duvessa
Temple:   eino_narrow_crystal_temple

Skill      XL: |  1  2  3  4  5  6  7  8  9 |
---------------+----------------------------+-----
Spellcasting   | 3 4 5 6 7 |  7.6
Fighting       | 1 3 4 |  4.4
Evocations     | 1 3 4 |  4.5
Dodging        | 3 4 5 |  5.5
Maces & Flails | 2 |  2.3
Stealth        | |  1.5

Action                   |  1- 3 |  4- 6 |  7- 9 || total
-------------------------+-------+-------+-------++-------
Melee: Unarmed           |     1 |       |       ||     1
       Trident           |       |     5 |     2 ||     7
       Mace              |       |       |     2 ||     2
 Cast: Foxfire           |    35 |    17 |    72 ||   124
       Scorch            |    13 |    28 |    76 ||   117
       Inner Flame       |       |       |     7 ||     7
       Ice Form          |       |       |     1 ||     1
       Static Discharge  |       |       |     1 ||     1
Evoke: Wand              |       |       |     1 ||     1
  Use: Scroll            |       |       |     3 ||     3
       Potion            |       |       |     1 ||     1
Armor: Robe              |     1 |     2 |    15 ||    18
Dodge: Dodged            |       |     6 |    43 ||    49

Table legend: (Time is in decaauts)
 A = Elapsed time spent in this place.
 B = Non-inter-level travel time spent in this place.
 C = Inter-level travel time spent in this place.
 D = Time resting spent in this place.
 E = Time spent auto-exploring this place.
 F = Levels seen in this place.
 G = Mean time per level.
                   A        B        C        D        E       F      G
               +--------+--------+--------+--------+--------+-----+--------+
         Total |   6428 |   6271 |    157 |   2771 |   2592 |   7 |  918.3 |
       Dungeon |   6178 |   6033 |    145 |   2699 |   2436 |   6 | 1029.7 |
        Temple |    250 |    238 |     12 |     72 |    156 |   1 |  250.0 |
               +--------+--------+--------+--------+--------+-----+--------+

Top non-repeatable levels by time:
     D:4: 1347 daAuts
     D:2: 1295 daAuts
     D:1: 1204 daAuts
     D:3: 1018 daAuts
     D:7: 905 daAuts
     D:5: 406 daAuts
  Temple: 250 daAuts
